 Dungeon Crawl Stone Soup version 0.31-a0-217-g58bb5d79cf (webtiles) character file.

Game seed: 3148709109259522862

681 qw the Skirmisher (level 7, -1/59 HPs)
             Began as a Minotaur Hexslinger on July 2, 2023.
             Slain by Blork the orc
             ... wielding a +0 glaive
              (12 damage)
             ... on level 6 of the Dungeon.
             The game lasted 00:01:42 (3947 turns).

qw the Skirmisher (Minotaur Hexslinger)             Turns: 3947, Time: 00:01:42

Health: -1/59      AC:  4    Str: 12    XL:     7   Next: 34%
Magic:  7/7        EV: 13    Int: 10    God:
Gold:   236        SH:  0    Dex: 15    Spells: 7/8 levels left

rFire   + + +        Y - +3 sling
rCold   + . .        (no shield)
rNeg    . . .        c - +2 robe {rC+ rF+}
rPois   .            (helmet restricted)
rElec   .            (no cloak)
rCorr   .            (no gloves)
SInv    .            (no boots)
Will    .....        (no amulet)
Stlth   +            f - ring of protection from fire
HPRegen 0.29/turn    g - ring of protection from fire
MPRegen 0.10/turn

%: no passive effects
@: about to teleport
A: horns 2, retaliatory headbutt
a: no special abilities


You were on level 6 of the Dungeon.
You visited 1 branch of the dungeon, and saw 6 of its levels.

You collected 236 gold pieces.


Innate Abilities, Weirdness & Mutations

You have a pair of horns on your head.
You reflexively headbutt those who attack you in melee.


   Skills:
 + Level 4.0 Fighting
 - Level 8.0 Ranged Weapons
 - Level 1.0 Armour
 - Level 3.0 Dodging
 - Level 1.0 Spellcasting
 - Level 2.0 Hexes


You had 7 spell levels left.
You knew the following spells:

 Your Spells              Type           Power      Damage    Failure   Level
a - Slow                  Hex            16%        N/A       16%         1

Your spell library contained the following spells:

 Spells                   Type           Power      Damage    Failure   Level
 Inner Flame              Hex/Fire       2%         N/A       56%         3
 Portal Projectile        Hex/Tloc       4%         N/A       56%         3
 Cause Fear               Hex            2%         N/A       83%         4

Inventory:

Hand Weapons
 Y - a +3 sling (weapon)
Armour
 c - a +2 robe of resistance (worn)
Jewellery
 f - a ring of protection from fire (left hand)
 g - a ring of protection from fire (right hand)
 i - a ring of ice
Wands
 h - a wand of digging (4)
Scrolls
 j - a scroll of identify
 k - 3 scrolls of teleportation
 l - a scroll of enchant armour
Potions
 a - a potion of curing
 b - a potion of might {unknown}
 d - a potion of ambrosia {unknown}
 e - a potion of degeneration {unknown}

Dungeon Overview and Level Annotations

Branches:
Dungeon (5/15)
 Temple: D:4-7

Altars:
Ru
Uskayaw

Shops:
D:3 (

Annotations:
D:6 Blork the orc


Message History

The sling bullet barely misses Blork the orc.
A water moccasin comes into view.
Blork the orc closely misses you.
You shoot a sling bullet. The sling bullet hits Blork the orc!
Blork the orc is severely wounded.
3940 ||| Stepping ~*~*~tactically~*~*~ (outnumbered).
You shoot a sling bullet.
The sling bullet closely misses the water moccasin.
The water moccasin bites you.
You shoot a sling bullet.
The sling bullet hits the water moccasin but does no damage.
The water moccasin completely misses you.
You shoot a sling bullet.
The sling bullet hits the water moccasin.
The water moccasin is lightly wounded.
The water moccasin bites you. Blork the orc closely misses you.
You shoot a sling bullet.
The sling bullet hits the water moccasin.
The water moccasin is moderately wounded.
The water moccasin bites you. x2
Blork the orc mumbles some strange words.
Blork the orc seems to speed up.
You shoot a sling bullet.
The sling bullet closely misses the water moccasin.
The sling bullet hits the water moccasin.
The water moccasin is lightly wounded.
The water moccasin barely misses you. Blork the orc barely misses you.
You shoot a sling bullet.
The sling bullet hits the water moccasin.
The water moccasin is heavily wounded.
Blork the orc hits you from afar with a +0 glaive!
The water moccasin barely misses you. You furiously retaliate!
You headbutt the water moccasin, but do no damage.
Blork the orc hits you from afar with a +0 glaive!
The water moccasin bites you.
3947 ||| READING 4 scrolls of teleportation.
As you read the scroll of teleportation, it crumbles to dust.
You feel strangely unstable.
Blork the orc hits you from afar with a +0 glaive!
You die...

. ..#
....
....o####
....S.oS#
#S# #@#
#.#
#######.#
.....)..#
.########


You could see Blork the orc (fast) and 2 water moccasins.

Vanquished Creatures
  Sigmund (D:3)
  Menkaure (D:4)
  2 hounds
  3 orc priests (D:4)
  An iguana (D:4)
  Terence (D:3)
  An orc wizard (D:3)
  Robin (D:2)
  4 adders
  2 worms
  5 dart slugs
  7 orcs
  7 ball pythons
  9 endoplasms
  6 giant cockroaches
  22 goblins
  9 hobgoblins
  5 bats
  3 frilled lizards
  9 kobolds
  11 rats
110 creatures vanquished.

Notes
Turn   | Place    | Note
-------+----------+-------------------------------------------
     0 | D:1      | qw the Minotaur Hexslinger began the quest for the Orb.
     0 | D:1      | Reached XP level 1. HP: 16/16 MP: 1/1
     0 | D:1      | 0 ||| qw: Version: 0.3-a-40-ge99b1a8
     0 | D:1      | 0 ||| qw: Game counter: 98
     0 | D:1      | 0 ||| qw: Melee chars always use a shield: true
     0 | D:1      | 0 ||| qw: God list: Okawaru
     0 | D:1      | 0 ||| qw: Allow faded altars: false
     0 | D:1      | 0 ||| qw: Do Orc after clearing Dungeon:15 true
     0 | D:1      | 0 ||| qw: Do second Lair branch before Depths: true
     0 | D:1      | 0 ||| qw: Lair rune preference: random
     0 | D:1      | 0 ||| qw: Goals: Normal
     0 | D:1      | 0 ||| PLANNING D:1-11
    64 | D:1      | HP: 4/16 [dart slug (2)]
   122 | D:1      | 122 ||| Stepping ~*~*~tactically~*~*~ (outnumbered).
   124 | D:1      | 124 ||| Stepping ~*~*~tactically~*~*~ (outnumbered).
   133 | D:1      | Reached skill level 3 in Ranged Weapons
   133 | D:1      | Reached XP level 2. HP: 13/23 MP: 2/2
   587 | D:1      | Reached XP level 3. HP: 29/29 MP: 3/3
   801 | D:1      | 801 ||| UPGRADING to +0 ring mail.
   811 | D:1      | 811 ||| DROPPING +0 robe.
   812 | D:1      | 812 ||| UPGRADING to ring of protection from fire.
   813 | D:1      | 813 ||| READING 2 scrolls labelled HACULI POJEH.
   814 | D:1      | 814 ||| READING scroll labelled QURAIH GOAXUA.
   815 | D:1      | 815 ||| READING scroll labelled NEESME GUSHI.
   816 | D:1      | 816 ||| READING 2 scrolls labelled FAES VEGRA.
   821 | D:1      | 821 ||| DRINKING 2 brown potions.
   926 | D:1      | 926 ||| DROPPING scroll of fear.
   927 | D:1      | 927 ||| DROPPING scroll of poison.
   928 | D:1      | 928 ||| DROPPING potion of berserk rage.
   966 | D:2      | 966 ||| Stepping ~*~*~tactically~*~*~ (outnumbered).
   969 | D:2      | Noticed Robin
   971 | D:2      | 971 ||| Stepping ~*~*~tactically~*~*~ (outnumbered).
   980 | D:2      | Reached skill level 4 in Ranged Weapons
   987 | D:2      | Reached skill level 1 in Armour
   995 | D:2      | Killed Robin
  1054 | D:2      | Reached XP level 4. HP: 36/36 MP: 4/4
  1482 | D:3      | Noticed Sigmund
  1486 | D:3      | 1486 ||| STAIRDANCE
  1535 | D:3      | 1535 ||| STAIRDANCE
  1590 | D:3      | 1590 ||| STAIRDANCE
  1592 | D:3      | 1592 ||| STAIRDANCE
  1652 | D:3      | 1652 ||| STAIRDANCE
  1654 | D:3      | 1654 ||| STAIRDANCE
  1663 | D:3      | 1663 ||| STAIRDANCE
  1709 | D:3      | 1709 ||| STAIRDANCE
  1753 | D:3      | 1753 ||| STAIRDANCE
  1777 | D:3      | 1777 ||| STAIRDANCE
  1802 | D:3      | 1802 ||| STAIRDANCE
  1836 | D:3      | 1836 ||| STAIRDANCE
  1864 | D:3      | 1864 ||| STAIRDANCE
  1882 | D:3      | Killed Sigmund
  1883 | D:3      | Reached skill level 6 in Ranged Weapons
  1883 | D:3      | Reached XP level 5. HP: 41/41 MP: 5/5
  1891 | D:3      | Found a hide-covered altar of Uskayaw.
  1916 | D:3      | 1916 ||| UPGRADING to +2 robe of resistance.
  1947 | D:3      | 1947 ||| DROPPING +0 ring mail.
  1954 | D:3      | 1954 ||| STAIRDANCE
  1963 | D:3      | Found Ereek's Weapon Emporium.
  1968 | D:3      | 1968 ||| STAIRDANCE
  1972 | D:3      | 1972 ||| STAIRDANCE
  1976 | D:3      | 1976 ||| STAIRDANCE
  1980 | D:3      | 1980 ||| STAIRDANCE
  1984 | D:3      | 1984 ||| STAIRDANCE
  1988 | D:3      | 1988 ||| STAIRDANCE
  1999 | D:3      | Noticed Terence
  2008 | D:3      | Killed Terence
  2009 | D:3      | Reached XP level 6. HP: 40/50 MP: 6/6
  2159 | D:2      | Found a sacrificial altar of Ru.
  2302 | D:2      | 2302 ||| READING scroll labelled NYTAELL QYFU.
  2432 | D:3      | 2432 ||| SHOPLISTING +6 heavy sling (485 gold, have 135).
  2462 | D:3      | 2462 ||| READING scroll of enchant weapon.
  2462 | D:3      | 2462 ||| ENCHANTING +2 sling.
  2612 | D:3      | Reached skill level 3 in Fighting
  2921 | D:3      | 2921 ||| UPGRADING to ring of protection from fire.
  2922 | D:3      | 2922 ||| DROPPING +6 ring of intelligence.
  2923 | D:3      | 2923 ||| READING scroll labelled HOENGU WITHRU.
  2968 | D:4      | Noticed Menkaure
  2979 | D:4      | Killed Menkaure
  2980 | D:4      | Reached skill level 7 in Ranged Weapons
  3154 | D:4      | Reached XP level 7. HP: 56/59 MP: 7/7
  3172 | D:4      | 3172 ||| Stepping ~*~*~tactically~*~*~ (outnumbered).
  3333 | D:4      | Reached skill level 8 in Ranged Weapons
  3839 | D:4      | Reached skill level 3 in Dodging
  3885 | D:4      | 3885 ||| READING 2 scrolls of identify.
  3885 | D:4      | 3885 ||| IDENTIFYING fuming green potion
  3925 | D:5      | Entered Level 5 of the Dungeon
  3928 | D:5      | You fall into a shaft and drop 1 floor!
  3932 | D:6      | Noticed Blork the orc
  3940 | D:6      | 3940 ||| Stepping ~*~*~tactically~*~*~ (outnumbered).
  3946 | D:6      | HP: 10/59 [water moccasin (5)]
  3947 | D:6      | 3947 ||| READING 4 scrolls of teleportation.
  3947 | D:6      | Slain by Blork the orc

Levels and vault maps discovered:
D:1:      roderic_dead_forest, layout_basic, minmay_misc_feat_columns
D:2:      layout_basic, basic_altar, item_on_display_a, uniq_robin
D:3:      minmay_wonky_spiral, layout_rooms, lemuel_doored_altar, serial_shops,
          shop, uniq_sigmund, uniq_terence
D:4:      layout_basic, st_stairs_7, uniq_menkaure
D:5:      layout_cave_pools, mainiacjoe_overflow_small_starburst,
          minmay_misc_feat_chi, uniq_duvessa
D:6:      layout_loops_ring, ashenzari_conservatory_becter, dk_xom_monty_hall,
          hellmonk_ghost_happy_afterlife, uniq_blork_the_orc

Skill      XL: |  1  2  3  4  5  6  7 |
---------------+----------------------+-----
Ranged Weapons | 3 4 6 7 8 |  8.0
Fighting       | 2 4 |  4.0
Armour         | 1 |  1.0
Dodging        | 3 |  3.0
Spellcasting   | |  1.0
Hexes          | |  2.0

Action                     |  1- 3 |  4- 6 |  7- 9 || total
---------------------------+-------+-------+-------++-------
   Fire: Sling             |   112 |   190 |    63 ||   365
    Use: Scroll            |     4 |     3 |     2 ||     9
         Potion            |     1 |       |       ||     1
 Armour: Robe              |     6 |    15 |     3 ||    24
         Ring mail         |    14 |    12 |       ||    26
  Dodge: Dodged            |    55 |    48 |    12 ||   115

Table legend:
 A = Non-vault XP
 B = Vault XP
 C = Vault XP percentage of total XP
 D = Non-vault monster count
 E = Vault monster count
 F = Vault count percentage of total count
                 A         B        C        D         E       F
            +---------+---------+-------+---------+---------+-------
      Total |     447 |     526 |  54.1 |      88 |      22 |  20.0
            +---------+---------+-------+---------+---------+-------
        D:1 |      46 |       0 |   0.0 |      24 |       0 |   0.0
        D:2 |      72 |      38 |  34.5 |      26 |      13 |  33.3
        D:3 |      70 |     310 |  81.6 |      18 |       6 |  25.0
        D:4 |     259 |     178 |  40.7 |      20 |       3 |  13.0
            +---------+---------+-------+---------+---------+-------
